 Dungeon Crawl Stone Soup version 0.23-a0-650-ga4d50d4 (webtiles) character file.

695 Blackhawk the Poker (level 7, -5/50 HPs)
             Began as a Merfolk Monk on Jan 6, 2019.
             Was a Believer of Hepliaklqana.
             Slain by a gnoll
             ... wielding a +0 spear
              (9 damage)
             ... on level 4 of the Dungeon.
             The game lasted 00:10:32 (5701 turns).

Blackhawk the Poker (Merfolk Monk)                  Turns: 5701, Time: 00:10:32

Health: -5/50      AC:  5    Str: 13    XL:     7   Next: 64%
Magic:  7/7        EV: 16    Int:  9    God:    Hepliaklqana [**....]
Gold:   110        SH:  0    Dex: 17    Spells: 6/6 levels left

rFire    . . .     SeeInvis .   a - +0 spear
rCold    . . .     Gourm    .   (no shield)
rNeg     . . .     Faith    .   b - +0 robe
rPois    .         Spirit   .   k - +2 helmet
rElec    .         Reflect  .   (no cloak)
rCorr    .         Harm     .   (no gloves)
MR       .....                  (no boots)
Stlth    ++........             (no amulet)
HPRegen  0.16/turn              (no ring)
MPRegen  0.10/turn              (no ring)

@: no status effects
A: change form in water, swift swim, stealthy swim, reduced essence
a: Recall Ancestor, Ancestor Identity, Renounce Religion


You were on level 4 of the Dungeon.
You worshipped Hepliaklqana.
Hepliaklqana was pleased with you.
You were not hungry.

You visited 1 branch of the dungeon, and saw 4 of its levels.

You collected 110 gold pieces.

Inventory:

Hand Weapons
 a - a +0 spear (weapon)
Armour
 b - a +0 robe (worn)
 k - a +2 helmet (worn)
Jewellery
 j - a +4 ring of protection {unknown}
 p - an uncursed amulet of faith {unknown}
Scrolls
 d - 7 scrolls of identify {unknown}
 e - a scroll of fear {unknown}
 g - 5 scrolls of teleportation {unknown}
 h - 3 scrolls of remove curse {unknown}
 i - a scroll of fog {unknown}
 m - a scroll of immolation {unknown}
 o - a scroll of magic mapping {unknown}
Potions
 f - 2 potions of flight {unknown}
 n - 2 potions of curing {unknown}
Comestibles
 c - 8 rations
 l - 8 chunks of flesh


   Skills:
 + Level 5.5 Fighting
 + Level 7.4 Polearms
 + Level 2.5 Armour
 + Level 6.5 Dodging
 - Level 2.7 Stealth


You had 6 spell levels left.
You didn't know any spells.
Your spell library was empty.

Dungeon Overview and Level Annotations

Branches:
Dungeon (4/15)             Temple (0/1) D:4

Altars:
Cheibriados
Hepliaklqana
Okawaru
Uskayaw
Wu Jian
Xom
The Shining One


Message History

You hit the adder.
The adder is severely wounded.
The adder closely misses you.
Praetorian Guard hits the gnoll shaman with a +0 flail.
You barely miss the adder.
The adder is severely wounded.
The gnoll closely misses you. The adder barely misses you.
You closely miss the adder.
The adder is severely wounded.
Praetorian Guard closely misses the gnoll shaman.
The adder bites you.
* * * LOW HITPOINT WARNING * * *
The gnoll hits you from afar with a +0 spear.
* * * LOW HITPOINT WARNING * * *
You completely miss the adder.
The adder is severely wounded.
The adder bites you but does no damage.
Praetorian Guard closely misses the gnoll shaman.
The gnoll hits you from afar with a +0 spear!
You die...

#............##
...........# #............#
...........# #............#
...........#
##............#
...........#
#.............#
..>........#
#.^...........#
...........#
#............##
.....)...Rg###............#
#
......<...gS@.........###+#
# ..........g###........# #
≈≈≈.......## #........# #
≈≈≈≈...#### #........# #
§≈≈≈.## ##.......# # §....
......# # §§.≈ #..#### ## #
§§≈≈ ### ##.### ......


You could see the friendly Praetorian Guard the knight, a gnoll shaman, 2 gnolls
and an adder.

Vanquished Creatures
  An ice beast (D:3)
  An ogre (D:4)
  2 jellies (D:2)
  2 orc priests
  A worker ant (D:3)
  Robin (D:2)
  3 gnolls (D:4)
  9 adders
  8 oozes (D:2)
  3 worms
  3 dart slugs
  A leopard gecko (D:1)
  5 orcs
  11 bats
  6 giant cockroaches
  18 goblins
  11 hobgoblins
  6 jackals (D:2)
  13 kobolds
  A quokka (D:4)
  4 frilled lizards
  10 rats
120 creatures vanquished.

Vanquished Creatures (collateral kills)
  A centaur skeleton (D:4)
  An iguana (D:4)
  3 gnolls
  2 orcs (D:4)
  A goblin (D:3)
  2 hobgoblins (D:3)
  3 quokkas
13 creatures vanquished.

Vanquished Creatures (others)
  An adder (D:4)
  An orc (D:4)
  A giant cockroach (D:4)
  A quokka (D:4)
  4 fungi (D:2)
  8 toadstools (D:2)
16 creatures vanquished.

Grand Total: 149 creatures vanquished

Notes
Turn   | Place    | Note
-------+----------+-------------------------------------------
     0 | D:1      | Blackhawk the Merfolk Monk began the quest for the Orb.
     0 | D:1      | Reached XP level 1. HP: 18/18 MP: 1/1
   114 | D:1      | Reached XP level 2. HP: 24/24 MP: 2/2
   796 | D:1      | Reached XP level 3. HP: 26/29 MP: 3/3
   987 | D:1      | Reached skill level 5 in Polearms
  1653 | D:2      | Reached XP level 4. HP: 30/37 MP: 4/4
  1945 | D:2      | Found a glowing golden altar of the Shining One.
  2228 | D:2      | Reached skill level 5 in Dodging
  2357 | D:2      | Reached XP level 5. HP: 42/42 MP: 5/5
  2385 | D:2      | Reached skill level 1 in Armour
  2758 | D:2      | Reached skill level 6 in Polearms
  2996 | D:2      | Found a hide-covered altar of Uskayaw.
  3015 | D:2      | Reached XP level 6. HP: 49/49 MP: 6/6
  3379 | D:3      | Noticed Robin
  4017 | D:2      | Killed Robin
  4547 | D:3      | Found a hazy altar of Hepliaklqana.
  4564 | D:3      | Became a worshipper of Hepliaklqana the Forgotten
  4564 | D:3      | Reached * piety under Hepliaklqana
  4564 | D:3      | Reached ** piety under Hepliaklqana
  4565 | D:3      | Remembered your ancestor Praetorian Guard as a knight
  4759 | D:3      | Noticed an ice beast
  4772 | D:3      | Killed an ice beast
  4772 | D:3      | Reached skill level 5 in Fighting
  4772 | D:3      | Reached XP level 7. HP: 49/50 MP: 7/7
  4871 | D:3      | Found an ornate altar of the Wu Jian Council.
  4871 | D:3      | Found a snail-covered altar of Cheibriados.
  4960 | D:3      | Found an iron altar of Okawaru.
  5125 | D:4      | Reached skill level 7 in Polearms
  5273 | D:4      | Found a staircase to the Ecumenical Temple.
  5672 | D:4      | Found a shimmering altar of Xom.
  5701 | D:4      | Slain by a gnoll

Vault maps used:
D:1:      ncdulo_halloftheorcs
D:2:      cheibrodos_fertilizer, nicolae_tso_carved_into_rock, first_ration,
          lemuel_altar_in_water
D:3:      okawaru_altar_gauntlet_db, gammafunk_temple_overflow_wave,
          lemuel_crystal_altar, uniq_robin
D:4:      xom_confusion_cloud, minmay_temple_entry_ruins, serial_shops,
          kennysheep_little_box, lightli_minifort

Skill      XL: |  1  2  3  4  5  6  7 |
---------------+----------------------+-----
Polearms       | 5 6 7 |  7.4
Fighting       | 4 5 |  5.5
Dodging        | 5 6 |  6.5
Armour         | 1 2 |  2.5
Stealth        | |  2.7

Action                   |  1- 3 |  4- 6 |  7- 9 || total
-------------------------+-------+-------+-------++-------
Melee: Spear             |   161 |   388 |    82 ||   631
Invok: Ancestor Life: Kn |       |     1 |       ||     1
       Ancestor Identity |       |     1 |       ||     1
 Stab: Sleeping          |     2 |    13 |       ||    15
       Distracted        |     1 |     1 |     2 ||     4
  Eat: Chunk             |     1 |    12 |     3 ||    16
Armor: Robe              |    14 |    57 |    12 ||    83
Dodge: Dodged            |    82 |   234 |    60 ||   376

Table legend:
 A = Non-vault XP
 B = Vault XP
 C = Vault XP percentage of total XP
 D = Non-vault monster count
 E = Vault monster count
 F = Vault count percentage of total count
                 A         B        C        D         E       F
            +---------+---------+-------+---------+---------+-------
      Total |     744 |     250 |  25.2 |      96 |      37 |  27.8
            +---------+---------+-------+---------+---------+-------
        D:1 |      48 |       0 |   0.0 |      27 |       0 |   0.0
        D:2 |     183 |     172 |  48.5 |      34 |      21 |  38.2
        D:3 |     214 |      37 |  14.7 |      22 |      14 |  38.9
        D:4 |     299 |      41 |  12.1 |      13 |       2 |  13.3
            +---------+---------+-------+---------+---------+-------
